 Dungeon Crawl Stone Soup version 0.23-a0-393-g6e9e0f2070 (webtiles) character file.

112 LostNumber the Sneak (level 5, 0/32 HPs)
             Began as a Kobold Assassin on Oct 31, 2018.
             Slain by a gnoll
             ... wielding a +0 halberd
              (10 damage)
             ... on level 2 of the Dungeon.
             The game lasted 00:04:52 (1280 turns).

LostNumber the Sneak (Kobold Assassin)              Turns: 1280, Time: 00:04:53

Health: 0/32       AC:  6    Str:  9    XL:     5   Next: 16%
Magic:  5/5        EV: 13    Int: 13    God:
Gold:   130        SH:  0    Dex: 16    Spells: 4/4 levels left

rFire    . . .     SeeInvis .   a - +2 dagger
rCold    . . .     Gourm    .   (shield restricted)
rNeg     . . .     Faith    .   n - +0 ring mail (curse)
rPois    .         Spirit   .   (no helmet)
rElec    .         Reflect  .   d - +0 cloak
rCorr    .         Harm     .   (no gloves)
MR       .....                  (no boots)
Stlth    +++.......             (no amulet)
HPRegen  0.10/turn              (no ring)
MPRegen  0.09/turn              (no ring)

@: no status effects
A: small, carnivore
a: no special abilities


You were on level 2 of the Dungeon.
You were completely stuffed.

You visited 1 branch of the dungeon, and saw 2 of its levels.

You collected 130 gold pieces.

Inventory:

Hand Weapons
 a - a +2 dagger (weapon)
 b - a +0 blowgun
Missiles
 f - 2 curare-tipped needles
Armour
 c - a +0 robe
 d - a +0 cloak (worn)
 n - a cursed +0 ring mail (worn)
 q - a +0 buckler
Jewellery
 u - an uncursed ring of fire
Scrolls
 k - 2 scrolls of random uselessness {unknown}
 l - 3 scrolls of identify {unknown}
 o - 2 scrolls of remove curse {unknown}
 r - a scroll of enchant weapon {unknown}
 s - a scroll of amnesia {unknown}
 w - a scroll of magic mapping {unknown}
Potions
 h - 2 potions of invisibility {unknown}
 i - a potion of flight {unknown}
 j - a potion of might {unknown}
 m - a potion of brilliance {unknown}
 p - a potion of agility {unknown}
 t - a potion of curing {unknown}
Comestibles
 g - 3 rations


   Skills:
 + Level 2.8 Fighting
 * Level 4.1 Short Blades
 + Level 2.9 Throwing
 + Level 2.1 Dodging
 + Level 5.8 Stealth
 * Level 1.1 Shields


You had 4 spell levels left.
You didn't know any spells.
Your spell library was empty.

Dungeon Overview and Level Annotations

Branches:
Dungeon (2/15)

Altars:
Uskayaw


Innate Abilities, Weirdness & Mutations

You are small and have problems with some larger weapons.
You are carnivorous and can eat meat at any time.


Message History

The gnoll is moderately wounded.
You hit the gnoll but do no damage.
The gnoll is moderately wounded.
The gnoll barely misses you.
You hit the gnoll but do no damage.
The gnoll is moderately wounded.
The gnoll hits you but does no damage.
You closely miss the gnoll.
The gnoll is moderately wounded.
You hit the gnoll.
The gnoll is moderately wounded.
The gnoll hits you with a +0 halberd!
You are too injured to fight recklessly!
You are too injured to fight recklessly!
You closely miss the gnoll.
The gnoll is moderately wounded.
You hit the gnoll.
The gnoll is heavily wounded.
The gnoll hits you with a +0 halberd!
You die...

.###...(.# #....)...# #..
#....># #........###### ###.
#....)# #....)...'.##.# #.#.
#.....# #........#.##.####.#.
#.....# #........#.##....#.#.
.##.....####........#.#.......#.
.'......'.#####...###.#.........
..##.....#.# #.### #.'.).....##
. #######.# #@# ###(......#
.########.# #g# #.......#
........#.#####w## #.......#
.................######.......#
.................)..g.....#####
..................w.......#
........#######...........#
........# #...........#
........# #...........#


You could see a gnoll and a dart slug.

Vanquished Creatures
  4 gnolls
  An adder (D:2)
  2 oozes (D:2)
  2 worms (D:2)
  3 leopard geckos
  8 bats
  2 giant cockroaches
  5 goblins
  4 hobgoblins
  7 kobolds
  2 quokkas (D:2)
  A ball python (D:2)
  3 frilled lizards
  3 rats (D:1)
47 creatures vanquished.

Notes
Turn   | Place    | Note
-------+----------+-------------------------------------------
     0 | D:1      | LostNumber the Kobold Assassin began the quest for the Orb.
     0 | D:1      | Reached XP level 1. HP: 12/12 MP: 1/1
   251 | D:1      | Reached XP level 2. HP: 17/17 MP: 2/2
   456 | D:1      | Reached XP level 3. HP: 21/22 MP: 3/3
   812 | D:2      | Reached XP level 4. HP: 26/27 MP: 4/4
   947 | D:2      | Noticed a dagger
   947 | D:2      | Noticed a hand axe
   948 | D:2      | Found a hide-covered altar of Uskayaw.
  1110 | D:2      | Found a faded altar of an unknown god.
  1140 | D:2      | Reached skill level 1 in Shields
  1160 | D:2      | Reached XP level 5. HP: 24/32 MP: 5/5
  1280 | D:2      | Slain by a gnoll

Vault maps used:
D:1:      nagdon_arrival_zigzag_paths
D:2:      dancing_weapons_uskayaw, zin_angel, chequers_ecumenical_altar_island,
          minmay_misc_feat_alley, minmay_vboxes

Skill      XL: |  1  2  3  4 |
---------------+-------------+-----
Short Blades   | 3 4 |  4.1
Dodging        | 2 |  2.1
Shields        | 1 |  1.1
Fighting       | |  2.8
Throwing       | |  2.9
Stealth        | |  5.8

Action                   |  1- 3 |  4- 6 || total
-------------------------+-------+-------++-------
Melee: Dagger            |    74 |   102 ||   176
 Fire: Blowgun           |     2 |     9 ||    11
 Stab: Sleeping          |     9 |     3 ||    12
  Eat: Chunk             |     8 |     2 ||    10
Armor: Ring mail         |    31 |    27 ||    58
       Robe              |     1 |       ||     1
Dodge: Dodged            |    34 |    68 ||   102

Table legend:
 A = Non-vault XP
 B = Vault XP
 C = Vault XP percentage of total XP
 D = Non-vault monster count
 E = Vault monster count
 F = Vault count percentage of total count
                 A         B        C        D         E       F
            +---------+---------+-------+---------+---------+-------
      Total |     145 |      15 |   9.4 |      40 |       7 |  14.9
            +---------+---------+-------+---------+---------+-------
        D:1 |      40 |       0 |   0.0 |      17 |       0 |   0.0
        D:2 |     105 |      15 |  12.5 |      23 |       7 |  23.3
            +---------+---------+-------+---------+---------+-------
